 Dungeon Crawl Stone Soup version 0.21.1-1-g345015fe64 (webtiles) character file.

102 DildoBatman the Sneak (level 5, 0/41 HPs)
             Began as a Formicid Enchanter on Apr 20, 2018.
             Succumbed to an orc priest's poison
             ... on level 3 of the Dungeon.
             The game lasted 00:05:39 (1965 turns).

DildoBatman the Sneak (Formicid Enchanter)          Turns: 1965, Time: 00:05:39

Health: 0/41       AC:  6    Str: 13    XL:     5   Next: 6%
Magic:  1/8        EV:  9    Int: 15    God:
Gold:   99         SH:  0    Dex: 11    Spells: 4/8 levels left

rFire    . . .     SeeInvis +   a - +1 dagger
rCold    . . .     Gourm    .   (no shield)
rNeg     . . .     Faith    .   e - +0 scale mail
rPois    .         Spirit   .   (helmet unavailable)
rElec    .         Reflect  .   (no cloak)
rCorr    .         Harm     .   (no gloves)
MR       .....                  (no boots)
Stlth    +.........             i - amulet of regeneration
HPRegen  0.53/turn              (no ring)
MPRegen  0.11/turn              (no ring)

@: lethally poisoned (0 -> -2), very slightly contaminated
A: permanent stasis, dig shafts and tunnels, four strong arms, antennae 3
a: Dig, Shaft Self


You were on level 3 of the Dungeon.
You were hungry.

You visited 1 branch of the dungeon, and saw 3 of its levels.

You collected 99 gold pieces.

Inventory:

Hand Weapons
 a - a +1 dagger (weapon)
Missiles
 d - 49 stones (quivered)
 k - 26 poisoned needles
Armour
 e - a +0 scale mail (worn)
Jewellery
 i - an amulet of regeneration (around neck)
Scrolls
 b - 3 scrolls of teleportation {unknown}
 f - 2 scrolls of remove curse {unknown}
 g - a scroll of random uselessness {unknown}
 m - a scroll of identify {unknown}
Potions
 h - a potion of agility {unknown}
 j - a potion of magic {unknown}
Books
 c - a book of Maledictions

   Spells                             Type                      Level
   a - Corona                         Hexes                        1
   b - Ensorcelled Hibernation        Hexes/Ice                    2
   c - Confuse                        Hexes                        3
   d - Tukima's Dance                 Hexes                        3
   e - Dazzling Spray                 Conjuration/Hexes            3
Comestibles
 l - 2 chunks of flesh
 v - 3 rations


   Skills:
 - Level 3.0 Fighting
 - Level 1.0 Short Blades
 * Level 2.8 Armour
 - Level 2.0 Dodging
 - Level 4.0 Stealth
 - Level 2.1 Spellcasting
 - Level 3.6 Hexes


You had 4 spell levels left.
You knew the following spells:

 Your Spells              Type           Power        Failure   Level  Hunger
a - Corona                Hex            ##.....      22%         1    #......
b - Confuse               Hex            ##......     54%         3    ###....


Dungeon Overview and Level Annotations

Branches:
Dungeon (3/15)

Altars:
Gozag

Annotations:
D:2 Ijyb


Innate Abilities, Weirdness & Mutations

You cannot be hasted, slowed, berserked, paralysed or teleported.
You can dig through walls and to a lower floor.
Your four strong arms can wield two-handed weapons with a shield.
You have a pair of large antennae on your head. (SInv)


Message History

You extend your mandibles.
You dig through the rock wall.
A jackal comes into view.
You feel sick.
You retract your mandibles.
You feel sick.
You feel sick.
The jackal barks!
You hear a bark!
You feel sick.
The orc priest mumbles some strange prayers to Beogh against you.
Pain shoots through your body!
You are feeling hungry.
You feel sick.
You feel sick.
Things that are here:
a short sword a club You feel sick.
You die...

#.##.####.###.#.#####..# ## #
#.##.#.....#...........# ##.
#.##.#.#..........####.# ##.#
#.##............#.# #.#
#?..###.####.#.....##.#>## #.# (#
#.##.####.##.#........# #.#### .#
#.........##.#<.......# #.#...
(###÷##.........#........###.#.##
#..†####.#######@..............#
##.## #)## ##.#........#######
##.# ##.## ##o##........#
.#.######.###.###........#
.........h{.o..)).###.####
...##############.....# ....
#.##### .### ..# ###


You could see an orc priest and an orc.

Vanquished Creatures
  4 adders (D:3)
  3 dart slugs
  A worm (D:3)
  A leopard gecko (D:3)
  2 orcs (D:3)
  4 bats
  2 giant cockroaches (D:1)
  8 hobgoblins
  4 jackals
  3 frilled lizards
  10 goblins
  7 kobolds
  6 rats
55 creatures vanquished.

Vanquished Creatures (others)
  5 toadstools (D:1)
5 creatures vanquished.

Grand Total: 60 creatures vanquished

Notes
Turn   | Place    | Note
-------+----------+-------------------------------------------
     0 | D:1      | DildoBatman the Formicid Enchanter began the quest for the Orb.
     0 | D:1      | Reached XP level 1. HP: 13/13 MP: 3/3
    37 | D:1      | Reached skill level 1 in Fighting
   130 | D:1      | Reached XP level 2. HP: 20/21 MP: 5/5
   463 | D:1      | Reached XP level 3. HP: 27/28 MP: 6/6
   468 | D:1      | Learned a level 3 spell: Confuse
   769 | D:2      | Found an opulent altar of Gozag.
   998 | D:3      | Reached XP level 4. HP: 15/35 MP: 3/7
  1110 | D:3      | Noticed Ijyb
  1327 | D:3      | Reached skill level 1 in Armour
  1327 | D:3      | Reached skill level 4 in Stealth
  1913 | D:3      | Reached XP level 5. HP: 40/41 MP: 6/8
  1961 | D:3      | HP: 2/41 [orc priest/nerve-wracking pain (14)]
  1965 | D:3      | Succumbed to an orc priest's poison

Skill      XL: |  1  2  3  4 |
---------------+-------------+-----
Fighting       | 1 2 3 |  3.0
Dodging        | 2 |  2.0
Armour         | 2 |  2.8
Stealth        | 4 |  4.0
Short Blades   | |  1.0
Spellcasting   | |  2.1
Hexes          | |  3.6

Action                   |  1- 3 |  4- 6 || total
-------------------------+-------+-------++-------
Melee: Dagger            |   149 |   169 ||   318
 Cast: Corona            |    17 |    12 ||    29
       Confuse           |       |     1 ||     1
 Abil: Dig               |     1 |     3 ||     4
 Stab: Sleeping          |     2 |       ||     2
  Eat: Chunk             |     1 |     4 ||     5
Armor: Scale mail        |    75 |    77 ||   152
       Robe              |     1 |       ||     1
Dodge: Dodged            |    79 |    97 ||   176
